AoeStats
← CaptainThomas

Golden Pit

503367008Analyzed
1v1 RM · 1mo ago on Aug 31, 2026· 33m 1s· 2 players
Game mode
Random Map
Map size
Tiny (2 player)
Population
200
Speed
Normal
Resources
Standard
Victory
Conquest
Starting age
Dark Age
Ending age
Imperial Age
RankedLock teamsTeams togetherTeam positionsShared explorationLock speedFull tech treeHidden civsTurbo modeCheats
Victory
Defeat
🇩🇰 Wei · Denmark
1824
+9
🇫🇷 Teutons · France
1664
-9
CaptainThomas
8:57 Loom
10:48 Feudal Age
17:08 Castle Age
15:40 Horse Collar
15:58 Double-Bit Axe
16:55 Bloodlines
17:41 Fletching
18:19 Padded Archer Armor
18:56 Bodkin Arrow
18:27 Elite Skirmisher
21:08 Leather Archer Armor
21:28 Heavy Plow
24:25 Wheelbarrow
24:36 Bloodlines
25:51 Gold Mining
26:22 Scale Barding Armor
28:32 Chain Barding Armor
29:09 Forging
elbanovic
5:24 Loom
8:24 Feudal Age
8:53 Double-Bit Axe
8:48 Horse Collar
17:25 Castle Age
15:49 Gold Mining
16:45 Bloodlines
17:12 Fletching
18:14 Bodkin Arrow
19:28 Husbandry
21:20 Scale Barding Armor
21:58 Wheelbarrow
25:29 Chain Barding Armor
25:33 Town Watch
30:15 Forging
30:54 Ballistics
Connection lost

Rejoining the realm…

Still unreachable

The connection could not be restored.

Session expired

The server has moved on; the page needs a fresh start.